 Dungeon Crawl Stone Soup version 0.18-a0-1640-g8b6524e (webtiles) character file.

159 Espgualade the Skirmisher (level 5, -8/34 HPs)
             Began as a Tengu Ice Elementalist on Mar 27, 2016.
             Mangled by an orc wizard
             ... wielding a +0 dagger of electrocution
              (14 damage)
             ... on level 3 of the Dungeon.
             The game lasted 00:07:32 (4105 turns).

Espgualade the Skirmisher (Tengu Ice Elementalist)  Turns: 4105, Time: 00:07:35

Health: -8/34      AC:  2    Str:  9    XL:     5   Next: 40%
Magic:  16/18      EV: 15    Int: 16    God:
Gold:   162        SH:  0    Dex: 14    Spells: 3 memorised, 2 levels left

rFire  . . .     SeeInvis .     p - +1 long sword (holy)
rCold  . . .     Gourm    .     a - +0 robe
rNeg   . . .     Faith    .     (no shield)
rPois  .         Spirit   .     (helmet restricted)
rElec  .         Dismiss  .     (no cloak)
rCorr  .         Reflect  .     (no gloves)
SustAt +         Harm     .     (boots unavailable)
MR     .....                    i - amulet of rage
Stlth  ++........               j - ring of sustain attributes
                                h - ring of magical power

@: flying quickly and evasively, quick, not resistant to hostile enchantments,
unstealthy
A: beak, talons 3, able to fly 1
a: Evoke Berserk Rage


You were on level 3 of the Dungeon.
You were not hungry.

You visited 1 branch of the dungeon, and saw 3 of its levels.

You collected 162 gold pieces.

Inventory:

Hand Weapons
 p - a +1 long sword of holy wrath (weapon)
Armour
 a - a +0 robe (worn)
Jewellery
 e - an uncursed ring of magical power
 h - a ring of magical power (left hand)
 i - an amulet of rage (around neck)
 j - a ring of sustain attributes (right hand)
Wands
 l - a wand of slowing (27/48)
 r - a wand of disintegration (24/24)
Scrolls
 d - a scroll of amnesia
 k - a scroll of remove curse
Potions
 g - a potion of cancellation
 m - a potion of heal wounds {unknown}
 n - a potion of flight
 q - a potion of mutation {unknown}
Books
 b - a book of Frost

   Spells                             Type                      Level
   a - Freeze                         Ice                          1
   b - Throw Frost                    Conjuration/Ice              2
   c - Ozocubu's Armour               Charms/Ice                   3
   d - Throw Icicle                   Conjuration/Ice              4
   e - Summon Ice Beast               Ice/Summoning                4
Comestibles
 c - a bread ration
 f - 2 meat rations


   Skills:
 + Level 4.6 Fighting
 + Level 2.8 Dodging
 - Level 2.0 Stealth
 - Level 2.0 Spellcasting
 - Level 1.3 Conjurations
 - Level 2.6 Ice Magic


You had 2 spell levels left.
You knew the following spells:

 Your Spells              Type           Power        Failure   Level  Hunger
a - Freeze                Ice            ##..         10%         1    #......
b - Throw Frost           Conj/Ice       #.....       14%         2    ###....
c - Ozocubu's Armour      Chrm/Ice       #.......     38%         3    ###....


Dungeon Overview and Level Annotations

Branches:
Dungeon (3/15)

Altars:
Nemelex Xobeh


Innate Abilities, Weirdness & Mutations

You have a beak for a mouth.
You have claws for feet.
You can fly.


Message History

The orc hits you with a short sword.
The orc wizard hits you with a dagger of electrocution.
The orc hits you with a hand axe!
Casting: Freeze
Confirm with . or Enter, or press ? or * to list all spells.
Aiming: Freeze
Press: ? - help, Shift-Dir - straight line, f/p - orc wizard
Aim: an orc wizard, wielding a dagger of electrocution and wearing a robe (lightly wounded, fast)
You freeze the orc wizard.
The orc wizard is heavily wounded.
The orc wizard barely misses you. The orc barely misses you.
Drink which item? (? for menu, Esc to quit)
It was a potion of flight.
You feel very buoyant.
You swoop lightly up into the air.
The orc wizard closely misses you. The orc closely misses you.
The orc hits you with a short sword.
The orc wizard hits you with a dagger of electrocution!
* * * LOW HITPOINT WARNING * * *
You are electrocuted!
You die...

.#.#.............##....#.######.#
.....<.................#.#....#..
#......................#......###
#..........#####.#.....###....# #
...........#...#)..##..#####.####
.#.........#.#.##.###...####.....
#......#..#.#.#..# #.#..........
#.#######..)#.o.## #............
#. #######@# #.#.#.#.#....
#roo..##............
....S##.##.#.#.#.#.... .......
.##............ ..#....
##.#.#.#.#.... . #####
............. #


You could see an orc wizard, an adder, 2 orcs and a rat.

Vanquished Creatures
  The ghost of wearedevo the Slasher, a weakling DsCK of Xom (D:3)
  An adder (D:3)
  3 gnolls (D:2)
  3 oozes
  An adder skeleton (D:1)
  A dart slug (D:2)
  A worm (D:2)
  2 giant geckos (D:3)
  2 orcs (D:3)
  2 giant cockroaches (D:1)
  4 goblins
  8 hobgoblins
  A quokka (D:2)
  2 ball pythons
  6 bats
  6 giant newts
  8 kobolds
  7 rats
59 creatures vanquished.

Notes
Turn   | Place    | Note
--------------------------------------------------------------
     0 | D:1      | Espgualade the Tengu Ice Elementalist began the quest for the Orb.
     0 | D:1      | Reached XP level 1. HP: 10/10 MP: 4/4
   383 | D:1      | Reached skill level 1 in Fighting
   563 | D:1      | Reached XP level 2. HP: 10/16 MP: 3/6
   875 | D:1      | Reached skill level 2 in Fighting
  1157 | D:1      | Reached XP level 3. HP: 9/22 MP: 7/7
  1512 | D:1      | Learned a level 2 spell: Throw Frost
  1516 | D:1      | Learned a level 3 spell: Ozocubu's Armour
  1949 | D:2      | Reached skill level 3 in Fighting
  2345 | D:2      | Reached XP level 4. HP: 4/28 MP: 8/8
  2819 | D:2      | Reached skill level 4 in Fighting
  3676 | D:3      | Noticed wearedevo's ghost (weakling DsCK)
  3889 | D:3      | Killed wearedevo's ghost
  3889 | D:3      | Gained mutation: You can fly. [Tengu growth]
  3889 | D:3      | Reached XP level 5. HP: 34/34 MP: 9/9
  4016 | D:3      | Found a sparkling altar of Nemelex Xobeh.
  4105 | D:3      | Mangled by an orc wizard

Vault maps used:
D:1:      dpeg_arrival_water_altar
D:2:      first_bread, minmay_misc_feat_alley, kennysheep_crisscross,
          kennysheep_pointless_box
D:3:      serial_co_window_serial, co_window_paths_a, co_window_corner_a,
          co_window_of_opportunity_a, co_window_corner_a, co_window_paths_b,
          co_window_of_opportunity_a, co_window_paths_b, co_window_2corner,
          co_window_corner_b, co_window_of_opportunity_b, glass_columns_a,
          glass_columns_c, glass_columns_c, nemelex_dance_club_becter

Skill      XL: |  1  2  3  4 |
---------------+-------------+-----
Fighting       | 1 2 3 4 |  4.6
Dodging        | |  2.8
Stealth        | |  2.0
Spellcasting   | |  2.0
Conjurations   | |  1.3
Ice Magic      | |  2.6

Action                   |  1- 3 |  4- 6 || total
-------------------------+-------+-------++-------
Melee: Short sword       |    58 |       ||    58
       Long sword        |       |    28 ||    28
       Spear             |       |    17 ||    17
 Cast: Freeze            |    37 |    18 ||    55
       Ozocubu's Armour  |     2 |     2 ||     4
       Throw Frost       |       |     1 ||     1
 Abil: Evoke Berserk Rag |       |     1 ||     1
  Use: Potion            |     4 |     2 ||     6
       Scroll            |     3 |     3 ||     6
 Stab: Sleeping          |     2 |     2 ||     4
  Eat: Chunk             |     5 |     5 ||    10
       Bread ration      |       |     1 ||     1
